 Dungeon Crawl Stone Soup version 0.19.1-1-g22dce08 (webtiles) character file.

190 graki42 the Magician (level 5, -4/28 HPs)
             Began as a Deep Elf Fire Elementalist on Jan 12, 2017.
             Killed by divine providence
             ... invoked by an orc priest
              (12 damage)
             ... on level 3 of the Dungeon.
             The game lasted 00:08:38 (2431 turns).

graki42 the Magician (Deep Elf Fire Elementalist)   Turns: 2431, Time: 00:08:38

Health: -4/28      AC:  2    Str: 11    XL:     5   Next: 41%
Magic:  5/14       EV: 13    Int: 20    God:
Gold:   152        SH:  0    Dex: 15    Spells: 4 memorised, 2 levels left

rFire  . . .     SeeInvis .     (no weapon)
rCold  . . .     Gourm    .     a - +0 robe
rNeg   . . .     Faith    .     (no shield)
rPois  .         Spirit   .     (no helmet)
rElec  .         Reflect  .     (no cloak)
rCorr  .         Harm     .     (no gloves)
MR     .....                    (no boots)
Stlth  ++........               (no amulet)
                                (no ring)
                                (no ring)

@: mighty
A: no striking features
a: no special abilities


You were on level 3 of the Dungeon.
You were not hungry.

You visited 1 branch of the dungeon, and saw 3 of its levels.

You collected 152 gold pieces.

Inventory:

Armour
 a - a +0 robe (worn)
Scrolls
 d - 3 scrolls of teleportation {unknown}
 h - a scroll of magic mapping {unknown}
 i - 4 scrolls of identify {unknown}
 l - 3 scrolls of enchant weapon {unknown}
 m - 3 scrolls of remove curse {unknown}
Potions
 e - a potion of degeneration {unknown}
 f - 2 potions of curing
 g - a potion of mutation {unknown}
 j - a potion of might
 n - a potion of brilliance {unknown}
Books
 b - a book of Flames

   Spells                             Type                      Level
   a - Flame Tongue                   Conjuration/Fire             1
   b - Throw Flame                    Conjuration/Fire             2
   c - Conjure Flame                  Conjuration/Fire             3
   d - Inner Flame                    Hexes/Fire                   3
   e - Sticky Flame                   Conjuration/Fire             4
   f - Fireball                       Conjuration/Fire             5
Comestibles
 c - 2 bread rations
 k - 4 fruits


   Skills:
 + Level 0.2 Fighting
 + Level 3.0 Dodging
 + Level 2.9 Stealth
 + Level 4.8 Spellcasting
 + Level 2.9 Conjurations
 + Level 4.5 Fire Magic


You had 2 spell levels left.
You knew the following spells:

 Your Spells              Type           Power        Failure   Level  Hunger
a - Flame Tongue          Conj/Fire      ###..        2%          1    None
b - Conjure Flame         Conj/Fire      ###.....     10%         3    ##.....
c - Inner Flame           Hex/Fire       ##......     17%         3    ##.....
d - Sticky Flame          Conj/Fire      ###.....     30%         4    ####...


Dungeon Overview and Level Annotations

Branches:
Dungeon (3/15)

Altars:
Qazlal
Xom
The Shining One


Message History

Confirm with . or Enter, or press ? or * to list all spells.
Aiming: Flame Tongue
Press: ? - help, Shift-Dir - straight line, f/p - orc
Aim: an orc, wearing a chain mail (almost dead)
The flame tongue hits the orc.
You kill the orc!
Casting: Flame Tongue
Confirm with . or Enter, or press ? or * to list all spells.
Okay, then.
It was a potion of might.
You feel very mighty all of a sudden.
Casting: Flame Tongue
Confirm with . or Enter, or press ? or * to list all spells.
Aiming: Flame Tongue
Press: ? - help, Shift-Dir - straight line, f - orc priest
Aim: an orc priest, wielding a dagger and wearing a leather armour (moderately wounded)
The flame tongue misses the orc priest.
The orc priest calls down the wrath of Beogh upon you.
Beogh smites you!
You die...

. #.# # #.
#.#######.# #.#
##.)......#
..###.#.#.....#
#.#.##.......#
##..........oo.
#.#.##.#.###... .#
##..##o#.# # ..#
##.##@#.# #.#
#.##[#.# # #.#
#)##.... #.###.##
#.####..
#......###.# ..
#......#.####...
#.#..............
#.#.####(#####..#.
#.#.# #...


You could see an orc priest.

Vanquished Creatures
  An orc wizard (D:3)
  Jessica (D:2)
  3 adders (D:2)
  2 oozes
  2 worms (D:2)
  4 dart slugs (D:1)
  An orc (D:3)
  A ball python (D:1)
  5 bats
  5 giant cockroaches
  11 goblins
  11 hobgoblins
  11 jackals
  A quokka (D:3)
  5 frilled lizards
  9 kobolds
  6 rats
79 creatures vanquished.

Notes
Turn   | Place    | Note
-------+----------+-------------------------------------------
     0 | D:1      | graki42 the Deep Elf Fire Elementalist began the quest for the Orb.
     0 | D:1      | Reached XP level 1. HP: 10/10 MP: 6/6
   528 | D:1      | Reached XP level 2. HP: 15/15 MP: 5/8
   838 | D:1      | Reached XP level 3. HP: 19/19 MP: 7/10
  1268 | D:2      | Found a glowing golden altar of the Shining One.
  1382 | D:2      | Reached XP level 4. HP: 12/24 MP: 0/12
  1630 | D:2      | Noticed Jessica
  1634 | D:2      | Killed Jessica
  1875 | D:2      | Learned a level 3 spell: Conjure Flame
  1879 | D:2      | Learned a level 3 spell: Inner Flame
  1884 | D:2      | Learned a level 4 spell: Sticky Flame
  1947 | D:2      | Reached XP level 5. HP: 24/28 MP: 6/13
  1991 | D:2      | Found a shimmering altar of Xom.
  2131 | D:3      | Found a stormy altar of Qazlal.
  2431 | D:3      | Killed from afar by an orc priest

Skill      XL: |  1  2  3  4 |
---------------+-------------+-----
Fire Magic     | 4 |  4.5
Spellcasting   | 4 |  4.8
Conjurations   | 2 |  2.9
Dodging        | 3 |  3.0
Fighting       | |  0.2
Stealth        | |  2.9

Action                   |  1- 3 |  4- 6 || total
-------------------------+-------+-------++-------
Melee: Unarmed           |     5 |       ||     5
 Cast: Flame Tongue      |    82 |    93 ||   175
  Use: Potion            |     2 |     1 ||     3
  Eat: Chunk             |     1 |     3 ||     4
Armor: Robe              |    15 |     7 ||    22
Dodge: Dodged            |    55 |    33 ||    88
